 Dungeon Crawl Stone Soup version 0.28-a0-1506-g3893175d92 (webtiles) character file.

Game seed: 17862535933281880007

39 cheechan the Bolt Thrower (level 3, -1/25 HPs)
             Began as an Octopode Hunter on Jan 14, 2022.
             Slain by Sigmund (10 damage)
             ... on level 2 of the Dungeon.
             The game lasted 00:05:52 (759 turns).

cheechan the Bolt Thrower (Octopode Hunter)          Turns: 759, Time: 00:05:53

Health: -1/25      AC:  1    Str: 11    XL:     3   Next: 47%
Magic:  3/3        EV: 13    Int: 13    God:
Gold:   24         SH:  0    Dex: 14    Spells: 0/2 levels left

rFire   . . .      SeeInvis .   a - +2 hand crossbow (elec)
rCold   . . .      Faith    .   (no shield)
rNeg    . . .      Spirit   .   (helmet restricted)
rPois   .          Reflect  .   (no amulet)
rElec   .          Harm     .   (no ring)
rCorr   .          Rampage  .   (no ring)
Will    .....                   (no ring)
Stlth   ++........              (no ring)
HPRegen 0.08/turn               (no ring)
MPRegen 0.08/turn               (no ring)
                                (no ring)
                                (no ring)

@: confused
A: almost no armour, amphibious, 8 rings, camouflage 1, gelatinous body 1,
(nimble swimmer 1), tentacles
a: no special abilities


You were on level 2 of the Dungeon.
You visited 1 branch of the dungeon, and saw 2 of its levels.

You collected 24 gold pieces.

Inventory:

Hand Weapons
 a - a +2 hand crossbow of electrocution (weapon)
Missiles
 b - 43 arrows
 c - 12 bolts (quivered ammo)
 f - 15 stones
Potions
 d - a potion of haste
 e - a potion of degeneration {unknown}
 g - a potion of curing {unknown}


   Skills:
 + Level 2.5 Fighting
 + Level 4.8 Crossbows
 + Level 2.1 Dodging
 + Level 1.3 Stealth


You couldn't memorise any spells.
You knew the following spells:

 Your Spells              Type           Power      Damage    Failure   Level
a - Passwall              Tmut/Erth      0%         N/A       43%         2

Your spell library contained the following spells:

 Spells                   Type           Power      Damage    Failure   Level
 Ensorcelled Hibernation  Hex/Ice        0%         N/A       43%         2
 Swiftness                Air            0%         N/A       67%         3


Dungeon Overview and Level Annotations

Branches:
Dungeon (2/15)

Altars:

Annotations:
D:2 Sigmund


Innate Abilities, Weirdness & Mutations

You cannot wear most types of armour.
You are amphibious.
You can wear up to eight rings at the same time.
Your skin changes colour to match your surroundings (Stealth+).
Your rubbery body absorbs attacks. (AC +1, EV +1)
((You are camouflaged when in or above water. (Stealth+)))
You have tentacles for arms and can constrict up to eight enemies at once.


Message History

As you read the scroll labelled LOQOMI IRCHU, it crumbles to dust.
It is a scroll of brand weapon.
Your +2 hand crossbow crackles with electricity.
a - a +2 hand crossbow of electrocution (weapon)
Found a white potion.
Found a stone staircase leading down.
e - a white potion You open the door.
Sigmund the Dreaded comes into view.
He is wielding a +0 scythe.
A ball python, an endoplasm and a hound come into view.
The ball python hisses angrily.
Sigmund mumbles some strange words.
Sigmund flickers and vanishes!
Deactivating autopickup; reactivate with Ctrl-A.
There is an open door here.
Fire: 15 bolts
Press: ? - help, Shift-Dir - straight line, f - ball python
Aim: a ball python (64% to hit)
You shoot a bolt. The bolt barely misses the ball python.
Unknown command.
Fire: 14 bolts
Press: ? - help, Shift-Dir - straight line, f/p - ball python
Aim: a ball python (64% to hit)
You shoot a bolt. The bolt hits the ball python.
The ball python is severely wounded.
Something hits you. The ball python barely misses you. x2
The ball python bites you. The ball python grabs you.
The ball python constricts you.
Unknown command.
You escape the ball python's grasp.
The ball python misses you. x2
You are confused.
The ball python barely misses you. The ball python closely misses you. x2
The ball python grabs you. The ball python constricts you.
You escape the ball python's grasp.
Something hits you.
You're too confused to move!
The ball python bites you. The ball python barely misses you.
The ball python completely misses you. The ball python closely misses you.
You shoot a bolt. Something hits you!
You die...

######### #....##.#
##########
#....##.###########.........
#.>...........(.............
#.....#.##..........†.....).
#.....#.##.......[.....####.
#.....#.##..........†..#
#.....#.##.......S....<#
#.....#.##......@.#.#..#
#.......##........#.#..#
......#.#####.....#......
......#.#####.....###.....
............................
.....##.###################.
#######'# #......(......
#.........(###


You could see a ball python.

Vanquished Creatures
  4 dart slugs
  2 ball pythons
  2 bats (D:1)
  An endoplasm (D:1)
  2 giant cockroaches (D:1)
  4 goblins (D:1)
  2 hobgoblins (D:1)
  4 kobolds (D:1)
  2 quokkas
  2 frilled lizards (D:1)
  2 rats (D:1)
27 creatures vanquished.

Notes
Turn   | Place    | Note
-------+----------+-------------------------------------------
     0 | D:1      | cheechan the Octopode Hunter began the quest for the Orb.
     0 | D:1      | Reached XP level 1. HP: 14/14 MP: 1/1
    72 | D:1      | Reached XP level 2. HP: 19/19 MP: 2/2
   297 | D:1      | Reached XP level 3. HP: 25/25 MP: 3/3
   497 | D:1      | Learned a level 2 spell: Passwall
   740 | D:2      | Noticed Sigmund
   759 | D:2      | Slain by Sigmund

Illustrated notes

Levels and vault maps discovered:
D:1:      lordsloth_arrival_two_stooges, layout_rooms
D:2:      layout_basic, uniq_sigmund, uniq_terence

Action                   || total
-------------------------++-------
 Fire: Hand crossbow     ||    54
  Use: Scroll            ||     3
Armor: Skin              ||     2
Dodge: Dodged            ||    20

Table legend: (Time is in decaauts)
 A = Elapsed time spent in this place.
 B = Non-inter-level travel time spent in this place.
 C = Inter-level travel time spent in this place.
 D = Time resting spent in this place.
 E = Time spent auto-exploring this place.
 F = Levels seen in this place.
 G = Mean time per level.
                   A        B        C        D        E       F      G
               +--------+--------+--------+--------+--------+-----+--------+
         Total |    773 |    773 |      0 |      0 |      0 |   2 |  386.5 |
       Dungeon |    773 |    773 |      0 |      0 |      0 |   2 |  386.5 |
               +--------+--------+--------+--------+--------+-----+--------+

Top non-repeatable levels by time:
     D:1: 674 daAuts
     D:2: 99 daAuts
